 Dungeon Crawl Stone Soup version 0.32-a0-913-g739538afd8 (webtiles) character file.

Game seed: 10253920310219280328

91 PriceMaster the Conjurer (level 4, -4/21 HPs)
             Began as a Spriggan Conjurer on Apr 8, 2024.
             Was a Follower of the Shining One.
             Killed by divine providence
             ... invoked by an orc priest
              (14 damage)
             ... on level 3 of the Dungeon.
             The game lasted 00:02:53 (2612 turns).

PriceMaster the Conjurer (Spriggan Conjurer)        Turns: 2612, Time: 00:02:54

Health: -4/21      AC:  2    Str:  3    XL:     4   Next: 33%
Magic:  5/10       EV: 17    Int: 21    God:    the Shining One [*.....]
Gold:   122        SH:  0    Dex: 19    Spells: 8/10 levels left

rFire   + . .        c - +0 short sword
rCold   x . .        (no shield)
rNeg    . . .        a - +0 robe
rPois   .            (helmet restricted)
rElec   .            (no cloak)
rCorr   .            (gloves unavailable)
SInv    +            (boots unavailable)
Will    .....        (no amulet)
Stlth   +            d - ring of fire
HPRegen 0.23/turn    b - +6 ring of dexterity
MPRegen 0.12/turn

%: no passive effects
@: very slightly contaminated, glowing, very quick
A: very small, no large weapons, unfitting armour, see invisible, speed 3
a: Renounce Religion, Divine Shield


You were on level 3 of the Dungeon.
You worshipped the Shining One.
The Shining One was aware of your devotion.
You visited 1 branch of the dungeon, and saw 3 of its levels.

You collected 122 gold pieces.

Inventory:

Hand Weapons
 c - a +0 short sword (weapon)
Missiles
 f - a throwing net
Armour
 a - a +0 robe (worn)
Jewellery
 b - a +6 ring of dexterity (right hand)
 d - a ring of fire (left hand)
Scrolls
 g - 3 scrolls of identify {unknown}
 k - a scroll of brand weapon {unknown}
 l - a scroll of teleportation {unknown}
 m - a scroll of acquirement {unknown}
 p - a scroll of revelation {unknown}
Potions
 e - 2 potions of enlightenment {unknown}
 h - a potion of lignification {unknown}
 i - a potion of invisibility {unknown}
 j - a potion of degeneration {unknown}
 n - a potion of berserk rage {unknown}
 o - a potion of might {unknown}
 q - a potion of curing {unknown}
 r - a potion of attraction {unknown}


   Skills:
 + Level 0.4 Short Blades
 + Level 3.3 Dodging
 + Level 3.2 Stealth
 + Level 0.2 Unarmed Combat
 + Level 3.6 Spellcasting
 + Level 3.7 Conjurations


You had 8 spell levels left.
You knew the following spells:

 Your Spells              Type           Power      Damage    Failure   Level
a - Magic Dart            Conj           76%        1d6       2%          1
b - Foxfire               Conj/Fire      68%        2x1d7     6%          1

Your spell library contained the following spells:

 Spells                   Type           Power      Damage    Failure   Level
 Searing Ray              Conj           38%        2d5       4%          2
 Sting                    Conj/Alch      44%        1d5       6%          1
 Momentum Strike          Conj/Tloc      22%        3d8       9%          2
 Apportation              Tloc           6%         N/A       13%         1
 Necrotise                Necr           12%        1d4       13%         1
 Summon Small Mammal      Summ           12%        N/A       13%         1
 Blink                    Tloc           6%         N/A       19%         2
 Jinxbite                 Hex            6%         N/A       19%         2
 Lesser Beckoning         Tloc           6%         N/A       19%         2
 Fugue of the Fallen      Necr           3%         N/A       36%         3
 Ozocubu's Armour         Ice            3%         N/A       36%         3
 Fulminant Prism          Conj/Alch      5%         3d7       50%         4
 Iskenderun's Mystic Bla Conj/Tloc 11%            2d4        (+2d2     50%         4
 Yara's Violent Unravell  Hex/Alch       1%         3d3       98%         5
 Plasma Beam              Fire/Air       2%         2x1d12    100%        6
 Starburst                Conj/Fire      8%         6d4       100%        6
 Enfeeble                 Hex            1%         N/A       100%        7
 Manifold Assault         Tloc           1%         N/A       100%        7


Dungeon Overview and Level Annotations

Branches:
Dungeon (3/15)

Altars:
Gozag
Zin
The Shining One


Innate Abilities, Weirdness & Mutations

You are very small and have problems with some larger weapons.
You are too small for most types of armour.
You have supernaturally acute eyesight. (SInv)
You cover ground extremely quickly. (Speed+++)


Message History

A quokka is nearby!
The magic dart hits the quokka.
You kill the quokka!
There is an open door here.
You now have 117 gold pieces (gained 1).
You now have 119 gold pieces (gained 2).
You now have 121 gold pieces (gained 2).
You now have 122 gold pieces (gained 1).
There is an open door here.
An orc priest comes into view. It is wielding a +0 hand axe.
The orc priest shouts!
An orc priest is nearby!
An orc priest is nearby!
An orc priest is nearby!
The magic dart hits the orc priest.
The orc priest is lightly wounded.
An orc comes into view. It is wielding a +0 hand axe.
The magic dart hits the orc priest but does no damage.
The orc priest is lightly wounded.
An orc comes into view. It is wielding a +0 dagger.
The magic dart hits the orc priest.
The orc priest is heavily wounded.
The orc shouts!
The orc priest invokes the aid of Beogh against you.
Pain shoots through your body!
Ouch! That really hurt!
You are too injured to fight recklessly!
Casting: Magic Dart (safe; 2% risk of failure)
Confirm with . or Enter, or press ? or * to list all spells.
You feel a surge of power!
You conjure some foxfire!
An orc comes into view. It is wielding a +0 club.
Casting: Foxfire (safe; 6% risk of failure)
Confirm with . or Enter, or press ? or * to list all spells.
You feel a surge of power!
You miscast Foxfire.
You are very lightly contaminated with residual magic.
Nothing appears to happen.
The orc priest calls down the wrath of Beogh upon you.
Beogh smites you!
Ouch! That really hurt!
You die...

######### #.......#
###._.ß._.#
####.#.......# o
+..§.##.....##
....####§.###'###
#o..@v..#..#
#<#####.#.##
#.#####.#.# #+#
#.##......# #.#
#.##.##.### #.#
#.##.##.# ##.##
#.##.##.#
#.####...###.......#
................####


You could see an orc priest (ally target) and an orc.

Vanquished Creatures
  2 adders (D:2)
  4 dart slugs
  A ribbon worm (D:2)
  8 ball pythons
  3 endoplasms
  3 giant cockroaches
  2 goblins (D:1)
  6 hobgoblins
  4 jackals (D:2)
  5 quokkas
  5 bats
  2 frilled lizards (D:2)
  6 kobolds
  9 rats
60 creatures vanquished.

Vanquished Creatures (others)
  28 foxfires
28 creatures vanquished.

Grand Total: 88 creatures vanquished

Notes
Turn   | Place    | Note
-------+----------+-------------------------------------------
     0 | D:1      | PriceMaster the Spriggan Conjurer began the quest for the
                  | Orb.
     0 | D:1      | Reached XP level 1. HP: 9/9 MP: 5/5
   211 | D:1      | Reached XP level 2. HP: 13/13 MP: 4/6
   652 | D:1      | Found a faded altar of an unknown god.
   763 | D:1      | You fall into a shaft and drop 1 floor!
   834 | D:2      | Reached XP level 3. HP: 16/16 MP: 2/8
  1403 | D:2      | Learned a level 1 spell: Foxfire
  1673 | D:2      | Reached XP level 4. HP: 21/21 MP: 4/10
  1956 | D:1      | Prayed at the altar of an unknown god.
  1956 | D:1      | Became a worshipper of the Shining One
  1956 | D:1      | Reached * piety under the Shining One
  2557 | D:3      | Found an opulent altar of Gozag.
  2557 | D:3      | Found a glowing silver altar of Zin.
  2612 | D:3      | Killed from afar by an orc priest

Illustrated notes

Levels and vault maps discovered:
D:1:      wander_arrival_peaceful_grave, layout_loops_corners,
          ebering_ecumenical_altar_box
D:2:      layout_basic
D:3:      layout_loops_corners, grunt_temple_overflow_gold_and_silver,
          nrook_mini_backslash, uniq_terence

Skill      XL: |  1  2  3 |
---------------+----------+-----
Conjurations   | 3 |  3.7
Dodging        | 3 |  3.3
Spellcasting   | 3 |  3.6
Short Blades   | |  0.4
Stealth        | |  3.2
Unarmed Combat | |  0.2

Action                     |  1- 3 |  4- 6 || total
---------------------------+-------+-------++-------
  Melee: Unarmed           |     5 |       ||     5
         Short sword       |    33 |     3 ||    36
   Cast: Magic Dart        |    84 |    16 ||   100
         Foxfire           |     7 |    12 ||    19
    Use: Scroll            |     3 |       ||     3
         Potion            |     1 |       ||     1
   Stab: Sleeping          |     1 |       ||     1
 Armour: Robe              |     8 |     3 ||    11
  Dodge: Dodged            |    51 |     7 ||    58

Table legend: (Time is in decaauts)
 A = Elapsed time spent in this place.
 B = Non-inter-level travel time spent in this place.
 C = Inter-level travel time spent in this place.
 D = Time resting spent in this place.
 E = Time spent auto-exploring this place.
 F = Levels seen in this place.
 G = Mean time per level.
                   A        B        C        D        E       F      G
               +--------+--------+--------+--------+--------+-----+--------+
         Total |   2029 |   1963 |     66 |      0 |   1658 |   3 |  676.3 |
       Dungeon |   2029 |   1963 |     66 |      0 |   1658 |   3 |  676.3 |
               +--------+--------+--------+--------+--------+-----+--------+

Top non-repeatable levels by time:
     D:1: 933 daAuts
     D:2: 835 daAuts
     D:3: 260 daAuts
